 Dungeon Crawl Stone Soup version 0.22.0-75-g3901e79 (webtiles) character file.

266 troglodite the Skirmisher (level 6, 0/72 HPs)
             Began as a Demonspawn Berserker on Sept 14, 2018.
             Was a Believer of Trog.
             Slain by a killer bee (2 damage)
             ... on level 2 of the Dungeon.
             The game lasted 00:06:58 (1631 turns).

troglodite the Skirmisher (Demonspawn Berserker)    Turns: 1631, Time: 00:06:58

Health: 0/72       AC:  6    Str: 22    XL:     6   Next: 0%
Magic:  6/6        EV:  6    Int:  8    God:    Trog [**....]
Gold:   64         SH: 13    Dex: 15    Spells: 5/5 levels left

rFire    . . .     SeeInvis .   a - +0 falchion
rCold    . . .     Gourm    .   j - +0 large shield
rNeg     . . .     Faith    .   g - +0 scale mail
rPois    .         Spirit   .   (helmet restricted)
rElec    .         Reflect  .   (no cloak)
rCorr    .         Harm     .   (no gloves)
MR       .....                  (no boots)
Stlth    ..........             k - amulet of magic regeneration
HPRegen  0.22/turn              (no ring)
MPRegen  0.35/turn              (no ring)

@: berserking, lethally poisoned (0 -> -10), very quick
A: antennae 1, claws 1, hooves 2
a: Berserk, Trog's Hand, Renounce Religion


You were on level 2 of the Dungeon.
You worshipped Trog.
Trog was pleased with you.
You were very hungry.

You visited 1 branch of the dungeon, and saw 2 of its levels.

You collected 64 gold pieces.

Inventory:

Hand Weapons
 a - a +0 falchion (weapon)
Armour
 g - a +0 scale mail (worn)
 j - a +0 large shield (worn)
Jewellery
 k - an amulet of magic regeneration (around neck)
Scrolls
 d - a scroll of magic mapping {unknown}
 f - 2 scrolls of identify {unknown}
Potions
 b - a potion of ambrosia {unknown}
 e - a potion of degeneration {unknown}
 i - a potion of flight {unknown}
Comestibles
 c - 5 rations


   Skills:
 * Level 4.2 Fighting
 + Level 4.0 Long Blades
 * Level 2.9 Armour
 * Level 2.7 Dodging
 - Level 0.1 Stealth
 * Level 1.2 Shields


You had 5 spell levels left.
You didn't know any spells.
Your spell library was empty.

Dungeon Overview and Level Annotations

Branches:
Dungeon (2/15)

Altars:
Fedhas
Makhleb
Qazlal
Trog
Xom


Innate Abilities, Weirdness & Mutations

You have a pair of small antennae on your head.
You have sharp fingernails.
You have hoof-like feet.


Message History

You feel sick. You block the killer bee's attack. x2
The killer bee stings you. x2; The killer bee closely misses you.
You miss the killer bee.
The killer bee is almost dead.
You block the killer bee's attack. The killer bee stings you.
* * * LOW HITPOINT WARNING * * *
The killer bee stings you!
* * * LOW HITPOINT WARNING * * *
You are more poisoned.
The killer bee poisons you! The killer bee stings you.
* * * LOW HITPOINT WARNING * * *
The killer bee stings you!
* * * LOW HITPOINT WARNING * * *
You block the killer bee's attack.
Your scale mail prevents you from hitting the killer bee.
Your kick misses the killer bee.
The killer bee is almost dead.
* * * LOW HITPOINT WARNING * * *
You feel sick. The killer bee barely misses you. The killer bee stings you.
You die...

##.......#
......#....#.#
#......[#
......#....#'######
#.......#
......####........#
#########
.....#...........#
.................#
#.............#
###.............#
#.....##.......(#
#@######........#
......yyy<..###########
.......b.##.# #####
.......... #....
.........## #....
########## ####....
#....... #....###
#....#


You could see 3 killer bees and a bat.

Vanquished Creatures
  Sigmund (D:2)
  Robin (D:2)
  4 gnolls
  An adder (D:2)
  2 worms (D:2)
  A dart slug (D:1)
  2 leopard geckos (D:2)
  3 bats
  4 giant cockroaches
  9 goblins
  8 hobgoblins
  A ball python (D:1)
  2 frilled lizards
  4 kobolds
  7 rats
50 creatures vanquished.

Notes
Turn   | Place    | Note
-------+----------+-------------------------------------------
     0 | D:1      | troglodite the Demonspawn Berserker began the quest for the
                  | Orb.
     0 | D:1      | Reached XP level 1. HP: 18/18 MP: 1/1
    48 | D:1      | Gained mutation: You have a pair of small antennae on your
                  | head. [demonic ancestry]
    48 | D:1      | Reached XP level 2. HP: 19/24 MP: 2/2
   454 | D:1      | Found a shimmering altar of Xom.
   456 | D:1      | Found a blossoming altar of Fedhas.
   456 | D:1      | Found a stormy altar of Qazlal.
   460 | D:1      | Found a burning altar of Makhleb.
   460 | D:1      | Found a bloodstained altar of Trog.
   460 | D:1      | Found a bloodstained altar of Trog.
   522 | D:1      | Gained mutation: You have large cloven feet. [demonic
                  | ancestry]
   522 | D:1      | Reached XP level 3. HP: 27/29 MP: 3/3
   757 | D:2      | Noticed Robin
   764 | D:2      | Killed Robin
  1120 | D:2      | Reached ** piety under Trog
  1130 | D:2      | Reached XP level 4. HP: 35/37 MP: 4/4
  1351 | D:2      | Noticed Sigmund
  1367 | D:2      | Killed Sigmund
  1367 | D:2      | Reached skill level 1 in Shields
  1367 | D:2      | Gained mutation: You have sharp fingernails. [demonic
                  | ancestry]
  1367 | D:2      | Reached XP level 5. HP: 42/42 MP: 5/5
  1611 | D:2      | Gained mutation: You have hoof-like feet. [demonic
                  | ancestry]
  1611 | D:2      | Reached XP level 6. HP: 48/48 MP: 6/6
  1630 | D:2      | HP: 3/72 [killer bee (8)]
  1631 | D:2      | Slain by a killer bee

Skill      XL: |  1  2  3  4 |
---------------+-------------+-----
Long Blades    | 3 4 |  4.0
Armour         | 2 |  2.9
Dodging        | 2 |  2.7
Fighting       | 4 |  4.2
Shields        | 1 |  1.2
Stealth        | |  0.1

Action                   |  1- 3 |  4- 6 || total
-------------------------+-------+-------++-------
Melee: Falchion          |    71 |    39 ||   110
       Kick              |    17 |     9 ||    26
Invok: Berserk           |     3 |     3 ||     6
 Stab: Sleeping          |     2 |       ||     2
  Eat: Chunk             |     3 |     3 ||     6
Armor: Animal skin       |     5 |       ||     5
       Scale mail        |    18 |    16 ||    34
Dodge: Dodged            |    40 |    12 ||    52
Block: Large shield      |    19 |    25 ||    44
       Rpst.: Falchion   |    15 |     4 ||    19
